 Dungeon Crawl Stone Soup version 0.16-a0-1885-g0f03bb0 (webtiles) character file.

140 glosham the Skirmisher (level 5, -2/46 HPs)
             Began as a Ghoul Abyssal Knight on Nov 6, 2014.
             Was a Priest of Lugonu.
             Slain by an ogre
             ... wielding a +0 giant club
              (7 damage)
             ... on level 3 of the Dungeon.
             The game lasted 00:42:15 (2474 turns).

glosham the Skirmisher (Ghoul Abyssal Knight)       Turns: 2474, Time: 00:42:15

Health: -2/46      AC: 10    Str: 16    XL:     5   Next: 22%
Magic:  7/7        EV:  1    Int:  7    God:    Lugonu [***...]
Gold:   110        SH: 10    Dex:  9    Spells: 0 memorised, 4 levels left

rFire  . . .     SeeInvis .       - Unarmed
rCold  + . .     Clarity  .     X - +0 chain mail
rNeg   + + +     SustAb   .     Z - +0 large shield
rPois  +         Gourm    .     (no helmet)
rElec  .         Spirit   .     Y - +1 cloak
rCorr  .         Warding  .     (no gloves)
rMut   .         Stasis   .     (no boots)
MR     .....                    (no amulet)
Stlth  ..........               (no ring)
                                (no ring)

@: rotting, not resistant to hostile enchantments, extremely unstealthy
A: rotting body, claws 1, carnivore 3, cold resistance 1, negative energy
resistance 3, poison resistance, slow healing 1, torment resistance, unbreathing
a: Depart the Abyss, Bend Space, Banish, Renounce Religion


You were on level 3 of the Dungeon.
You worshipped Lugonu.
Lugonu was most pleased with you.
You were not hungry.

You visited 1 branch of the dungeon, and saw 3 of its levels.
You visited the Abyss 1 time.

You collected 110 gold pieces.

Inventory:

Hand weapons
 b - a +0 spear
Missiles
 g - 80 stones (quivered)
 h - 13 poisoned needles
 n - 18 bolts
 w - 14 arrows
Armour
 f - a +0 ring mail
 m - a +0 leather armour
 q - a +0 scale mail
 u - a +0 scale mail
 X - a +0 chain mail (worn)
 Y - a +1 cloak (worn)
 Z - a +0 large shield (worn)
Scrolls
 c - a scroll of teleportation
Potions
 d - a potion of magic
 e - 3 potions of curing
 i - a potion of cancellation
 k - a potion of agility {unknown}
 l - a potion of confusion {unknown}
 o - a potion of brilliance {unknown}
 t - a potion of cure mutation {unknown}
Comestibles
 a - a beef jerky
 s - 2 meat rations
 v - 4 chunks of flesh


   Skills:
 * Level 4.1 Fighting
 - Level 1.7 Armour
 - Level 0.8 Dodging
 + Level 2.8 Stealth
 + Level 0.1 Shields
 * Level 3.0 Unarmed Combat
 + Level 3.5 Invocations


You had 4 spell levels left.
You didn't know any spells.

Dungeon Overview and Level Annotations

Branches:
Dungeon (3/15)

Altars:
Trog


Innate Abilities, Weirdness & Mutations

Your body is rotting away.
You thrive on raw meat.
You have sharp fingernails.
You are carnivorous and can eat meat at any time.
Your flesh is cold resistant.
You are immune to negative energy.
Your system is resistant to poisons.
You heal slowly when monsters are visible.
You are immune to unholy pain and torment.
You can survive without breathing.


Message History

Read which item? (? for menu, Esc to quit)
Identify which item? (\ to view known items) (? for menu, Esc to quit)
As you read the scroll of identify, it crumbles to dust.
d - a potion of magic You climb downwards.
There is a stone staircase leading up here.
There is a stone staircase leading down here.
Found a long sword.
A giant cockroach comes into view.
You scratch the giant cockroach but do no damage.
The giant cockroach bites you but does no damage.
You claw the giant cockroach!
You kill the giant cockroach!
Lugonu accepts your kill.
An ogre comes into view. It is wielding a giant club.
The ogre shouts!
You scratch the ogre.
The ogre begins to bleed from its wounds!
The ogre is lightly wounded.
You block the ogre's attack.
You scratch the ogre but do no damage.
The ogre is lightly wounded.
The ogre hits you with a giant club!!
Ouch! That really hurt!
You barely miss the ogre.
The ogre is lightly wounded.
The ogre is no longer bleeding.
You block the ogre's attack.
You scratch the ogre.
The ogre begins to bleed from its wounds!
The ogre is lightly wounded.
You block the ogre's attack.
You scratch the ogre.
The ogre is moderately wounded.
The ogre hits you with a giant club!!
* * * LOW HITPOINT WARNING * * *
Use which ability? (? or * to list)
Press: ? - help, Shift-Dir - straight line, f - ogre
Aim: an ogre, wielding a giant club (moderately wounded, bleeding)
You fail to use your ability.
The ogre hits you with a giant club!
You die...

...# #..#...#..####..#.# ...#
#..#...##.## #..#.# ...# #
#..#...##..# #....# ...#
...#..........####.#####
#.....
#.....#.######..##.......
......
.#.#.................###
...... ..#.#.#####<#.......#<#
..... #.#.#O#####.#.......#.#
##### #.#.#.@...#.#.......#.#
#.....#.#.#####.#.#.......#.#
#.....#.#.)..##.#.###.....#.#
.................#............
...##.#.#..#.#########...##.#
#.#..#...........>....#
#.#..############.##### #.#..#
#.......... #.#..# #.###.#####


You could see an ogre (bleeding).

Vanquished Creatures
  Ijyb (D:2)
  Terence (D:3)
  3 adders
  2 giant mites
  A worm (D:3)
  3 giant geckos (D:2)
  An ooze (D:1)
  An orc (D:3)
  A ball python (D:2)
  7 bats
  2 giant cockroaches
  4 goblins
  7 hobgoblins
  9 giant newts
  3 jackals (D:3)
  5 kobolds
  9 rats
60 creatures vanquished.

Notes
Turn   | Place    | Note
--------------------------------------------------------------
     0 | Abyss:1  | glosham, the Ghoul Abyssal Knight, began the quest for the Orb.
     0 | Abyss:1  | Reached XP level 1. HP: 19/19 MP: 1/1
    65 | D:1      | Escaped the Abyss
    82 | D:1      | Reached skill level 1 in Stealth
    82 | D:1      | Reached XP level 2. HP: 25/25 MP: 2/2
   389 | D:1      | Reached XP level 3. HP: 22/30 MP: 4/4
   487 | D:1      | Acquired Lugonu's second power
   545 | D:1      | Reached skill level 2 in Stealth
   917 | D:2      | Noticed Ijyb
   930 | D:2      | Killed Ijyb
  1028 | D:2      | Reached skill level 3 in Invocations
  1028 | D:2      | Reached XP level 4. HP: 26/38 MP: 4/5
  1397 | D:2      | Found a bloodstained altar of Trog.
  1891 | D:3      | Reached skill level 4 in Fighting
  1891 | D:3      | Reached XP level 5. HP: 44/46 MP: 5/7
  2148 | D:3      | Noticed Terence
  2164 | D:3      | Killed Terence
  2164 | D:3      | Acquired Lugonu's third power
  2164 | D:3      | Reached skill level 3 in Unarmed Combat
  2468 | D:3      | Noticed an ogre
  2474 | D:3      | Slain by an ogre

Action                   |  1- 3 |  4- 6 || total
-------------------------+-------+-------++-------
Melee: Unarmed           |   106 |   115 ||   221
       Spear             |       |    10 ||    10
  Use: Scroll            |       |     8 ||     8
 Stab: Sleeping          |     1 |     1 ||     2
  Eat: Chunk             |    11 |     6 ||    17

Table legend:
 A = Turns spent in this place as a percentage of turns spent in the entire game.
 B = Non-inter-level travel turns spent in this place as a percentage of non-inter-level travel turns spent in the entire game.
 C = Inter-level travel turns spent in this place as a percentage of turns spent in this place.
 D = Turns resting spent in this place as a percentage of non-inter-level travel turns spent in this place.
 E = Turns spent auto-exploring this place as a percentage of non-inter-level travel turns spent in this place.
 F = Non-inter-level travel turns spent in this place divided by the number of levels of this place that you've seen.
                   A       B       C       D       E      F
               +-------+-------+-------+-------+-------+----------------------
         Total | 100.0 | 100.0 |   0.3 |   0.3 |   0.4 | 446.0
       Dungeon |  96.1 |  96.1 |   0.3 |   0.4 |   0.5 | 571.3
         Abyss |   3.9 |   3.9 |   0.0 |   0.0 |   0.0 |  70.0
               +-------+-------+-------+-------+-------+----------------------

Table legend:
 A = Kills in this place as a percentage of kills in entire the game.
 B = Kills by you in this place as a percentage of kills by you in the entire game.
 C = Kills by friends in this place as a percentage of kills by friends in the entire game.
 D = Other kills in this place as a percentage of other kills in the entire game.
 E = Experience gained in this place as a percentage of experience gained in the entire game.
 F = Experience gained in this place divided by the number of levels of this place that you have seen.
                   A       B       C       D       E      F
               +-------+-------+-------+-------+-------+----------------------
         Total | 100.0 | 100.0 |  -nan |  -nan | 100.0 |  50.0
       Dungeon | 100.0 | 100.0 |  -nan |  -nan | 100.0 |  66.7
               +-------+-------+-------+-------+-------+----------------------

Vault maps used:
D:1:      roderic_chinese_lattice_arrival, corexii_leaking_fountain
D:2:      lemuel_doored_altar, minmay_lizard_king, uniq_iyjb
D:3:      first_bread, uniq_terence
Abyss:1:  evilmike_abyss_exit_mutagenic
